[Event "*** Titled Tuesday Blitz"]
[Site "Chess.com"]
[Date "2021.03.30"]
[Round "3"]
[White "lider34"]
[Black "DanielTitichoca"]
[Result "1-0"]
[WhiteElo "2474"]
[BlackElo "2268"]
[TimeControl "180+1"]
[EndTime "10:28:55 PDT"]
[Termination "lider34 won by checkmate"]

1. e4 c5 2. c3 d5 3. exd5 Qxd5 4. d4 Nc6 5. Nf3 Bg4 6. Be2 e5 7. dxe5 Bxf3 8. Bxf3 Qxd1+ 9. Kxd1 O-O-O+ 10. Kc2 Nxe5 11. Be2 Nf6 12. Bf4 Ng6 13. Bg3 Bd6 14. Nd2 Bxg3 15.
hxg3 h6 16. Nc4 Rhe8 17. Rhe1 Ne4 18. Bg4+ Kc7 19. Re2 Nf6 20. Bf3 Rxe2+ 21. Bxe2 Ne4 22. Bf3 Nxf2 23. Rf1 Nd3 24. Be4 Nde5 25. Bxg6 Nxg6 26.
Rxf7+ Rd7 27. Rf5 b6 28. a4 Ne7 29. Rf8 Nd5 30. Kb3 Re7 31. Ra8 Kc6 32. Rc8+ Kd7 33.
Rg8 Nf6 34. Ra8 Kc6 35. Rc8+ Rc7 36. Rf8 Re7 37. Na3 Ne4 38. a5 b5 39. Rc8+ Kd5 40. Nxb5 c4+ 41. Kb4 a6 42. Nc7+ Kd6 43. Nxa6 Nd2 44.
Nc5 Nf1 45. a6 Ne3 46. Nb7+ Kd7 47. Rd8+ Kc7 48. a7 Kxb7 49. a8=Q+ Kc7 50. Qb8+ Kc6 51. Rd6# 1-0

[Event "*** Titled Tuesday Blitz"]
[Site "Chess.com"]
[Date "2021.03.30"]
[Round "3"]
[White "AndreyNeves"]
[Black "Titus369"]
[Result "0-1"]
[WhiteElo "2252"]
[BlackElo "2532"]
[TimeControl "180+1"]
[EndTime "10:28:56 PDT"]
[Termination "Titus369 won on time"]

1. d4 d5 2. c4 e6 3. Nf3 Nf6 4. g3 Be7 5. Bg2 O-O 6. O-O dxc4 7. Qc2 b5 8. a4 b4 9. Nbd2 Bb7 10. Nxc4 a5 11. b3 Nbd7 12. Bb2 Nb6 13. Nxb6 cxb6 14. Rac1 Rc8 15. Qb1 Bd5 16. Nd2 Rxc1 17. Rxc1 Bxg2 18. Kxg2 Qa8+ 19. f3 Nd5 20. Qd3 Bg5 21. Nc4 Bxc1 22. Bxc1 Qc6 23. e4 Nc3 24. Bd2 b5 25. Ne5 Qb7 26. Bxc3 bxc3 27. Qxc3 bxa4 28. bxa4 Qb4 29. Qc5 Qxa4 30. Nc6 Ra8 31. d5 exd5 32. exd5 Qd1 33. d6 a4 34. Ne7+ Kh8 35. Qc6 Rd8 36. Nd5 a3 37. Qc7 Rg8 38. Ne7 a2 39. Nxg8 a1=Q 40.
Kh3 Qf1+ 41. Kg4 Qd4+ 42. f4 Qe2+ 43. Kh4 g5+ 44. Kh3 g4+ 45. Kh4 Kxg8 0-1

[Event "*** Titled Tuesday Blitz"]
[Site "Chess.com"]
[Date "2021.03.30"]
[Round "3"]
[White "MPGM"]
[Black "rynos0411"]
[Result "0-1"]
[WhiteElo "2573"]
[BlackElo "2413"]
[TimeControl "180+1"]
[EndTime "10:28:57 PDT"]
[Termination "rynos0411 won by resignation"]

1. e4 c6 2. d4 d5 3. Nd2 dxe4 4. Nxe4 Nf6 5. Nxf6+ exf6 6. c3 Bd6 7. Bd3 O-O 8. Ne2 Re8 9. O-O Nd7 10. Bf4 Nf8 11.
Qd2 Qc7 12. Bxd6 Qxd6 13. Rfe1 Bd7 14. Rad1 Re7 15. Qf4 Qxf4 16. Nxf4 Rae8 17. Rxe7 Rxe7 18. Kf1 Ne6 19. Ne2 Kf8 20. b4 g6 21. f4 Ng7 22.
Kf2 Bf5 23. Ng3 Bxd3 24. Rxd3 Ne6 25. Kf3 Nc7 26. Ne2 Nd5 27. g3 b6 28. a3 b5 29. Kf2 Nb6 30. Nc1 Nc4 31. Nb3 Nxa3 32. d5 cxd5 33. Rxd5 Re4 34. Nd4 Nb1 35. Rc5 Nxc3 36.
Nxb5 Nd1+ 37. Kf3 Rxb4 38. Nxa7 f5 39. Nc6 Rb3+ 40. Kg2 Ne3+ 41. Kh3 Ng4 42. Rc2 Kg7 43. Nd4 Rd3 44. Nb5 h5 45. Nc3 f6 46. Nb5 g5 47.
Nc7 Kg6 48. Ne6 h4 49. fxg5 fxg5 50. Kg2 Ne3+ 51. Kh3 Nxc2 52. Nc5 Rc3 53. Ne6 hxg3 54. hxg3 f4 55. Nxf4+ gxf4 56. Kg4 fxg3 0-1

[Event "*** Titled Tuesday Blitz"]
[Site "Chess.com"]
[Date "2021.03.30"]
[Round "3"]
[White "Murad_Ibrahimli"]
[Black "swisspower96"]
[Result "1-0"]
[WhiteElo "2819"]
[BlackElo "2582"]
[TimeControl "180+1"]
[EndTime "10:28:58 PDT"]
[Termination "Murad_Ibrahimli won by resignation"]

1. Nf3 d5 2. g3 Nf6 3. Bg2 c5 4. O-O e6 5. d4 cxd4 6. Nxd4 e5 7. Nb3 Be6 8. c4 Nc6 9. cxd5 Nxd5 10. Nc3 Nxc3 11.
bxc3 Be7 12. Be3 O-O 13. Rb1 Qc7 14. Nc5 Bxc5 15. Bxc5 Rfd8 16. Qa4 Bd5 17. Rfd1 Bxg2 18. Kxg2 b6 19. Be3 Na5 20. Qe4 Nc4 21. Bg5 f6 22.
Be3 Qf7 23. a4 h6 24. h4 f5 25. Qf3 Rac8 26. Rxd8+ Rxd8 27. Rb4 Rc8 28. Rb5 Kh7 29. a5 bxa5 30. Rb7 Nxe3+ 31. fxe3 Qe6 32. Rxa7 Rxc3 33.
Rxa5 Rc4 34. Ra8 Re4 35. Kf2 Qf6 36. h5 Qf7 37. Ra6 Rg4 38. Ra5 Qe6 39. Rc5 Rg5 40. e4 fxe4 41. Qxe4+ Qf5+ 42. Qxf5+ Rxf5+ 43. Kg2 Rxh5 44. e4 Rg5 45. Kf3 h5 46. Rc6 g6 47. Rc7+ Kh6 48.
Re7 h4 49. gxh4 Rh5 50. Kg4 g5 51. Re6+ Kg7 52. Kxh5 1-0

[Event "*** Titled Tuesday Blitz"]
[Site "Chess.com"]
[Date "2021.03.30"]
[Round "3"]
[White "I_Enchev"]
[Black "xozr"]
[Result "1-0"]
[WhiteElo "2537"]
[BlackElo "2315"]
[TimeControl "180+1"]
[EndTime "10:28:58 PDT"]
[Termination "I_Enchev won by resignation"]

1. d4 Nf6 2. c4 c5 3. d5 e6 4.
Nc3 exd5 5. cxd5 d6 6. e4 g6 7.
Nge2 Nbd7 8. Ng3 a6 9. a4 Bg7 10. Be2 O-O 11. O-O Re8 12. Bg5 h6 13. Be3 Ne5 14. h3 g5 15. f4 gxf4 16. Bxf4 Ng6 17.
Be3 Qb6 18. Qd2 Kh7 19. Kh1 Qb4 20. a5 b5 21. Rf3 Ne5 22. Rf2 Nc4 23. Bxc4 Qxc4 24.
Raf1 b4 25. Rxf6 bxc3 26. bxc3 Bxf6 27. Rxf6 Ra7 28. Rxh6+ Kg7 29. Rxd6 f5 30. Nh5+ Kf7 31.
Bg5 Rxe4 32. Bf6 f4 33. Qf2 Qe2 34. Qxe2 Rxe2 35. Nxf4 Re1+ 36. Kh2 Rd7 37. Rxd7+ Bxd7 38. Bh4 Ra1 39. Nd3 Rxa5 40. c4 Bf5 41. Ne5+ Kg7 42.
g4 Ra2+ 43. Kg3 Bc8 44. Bg5 a5 45. d6 a4 46. d7 Bxd7 47. Nxd7 Rc2 48. Bf6+ Kf7 49.
Bh8 Rxc4 50. Ne5+ Kg8 51. Nxc4 Kxh8 52. Kf4 Kg7 53. Ke5 1-0

[Event "*** Titled Tuesday Blitz"]
[Site "Chess.com"]
[Date "2021.03.30"]
[Round "3"]
[White "SantoBlue"]
[Black "Escanor89"]
[Result "1-0"]
[WhiteElo "2818"]
[BlackElo "2564"]
[TimeControl "180+1"]
[EndTime "10:28:59 PDT"]
[Termination "SantoBlue won by checkmate"]

1. e4 c5 2. Nf3 d6 3. d4 cxd4 4. Nxd4 Nf6 5. Nc3 Nc6 6. Bg5 e6 7. Qd2 a6 8. O-O-O Bd7 9. f4 b5 10. Bxf6 gxf6 11. Kb1 Qb6 12. Nce2 b4 13. h4 a5 14. Rh3 a4 15. Re3 Rg8 16. g3 Be7 17. Nxc6 Bxc6 18. Nd4 Bd7 19. Bc4 Qc5 20. b3 Rc8 21. f5 e5 22. Ne2 Qb6 23. Rd3 Rg4 24.
Bd5 Qc5 25. c3 axb3 26. Bxb3 Rxe4 27. Rf1 Rxe2 28. Qxe2 Bb5 29. c4 Bxc4 30. Bxc4 Qxc4 31. Rfd1 d5 32. Qb2 d4 33. R3d2 Qc6 34. Rc1 Qe4+ 35. Ka1 Qxf5 36. Rxc8+ Qxc8 37. Rc2 Qf5 38. Qc1 e4 39.
Rc8+ Bd8 40. Qc6+ Qd7 41. Qxe4+ Kf8 42. Qa8 Ke7 43. Rc1 d3 44. Qe4+ Kf8 45. Rd1 f5 46. Qxb4+ Be7 47. Qc3 Qe6 48. Qh8# 1-0

[Event "*** Titled Tuesday Blitz"]
[Site "Chess.com"]
[Date "2021.03.30"]
[Round "3"]
[White "ajdemipopushi"]
[Black "Vandros57"]
[Result "0-1"]
[WhiteElo "2336"]
[BlackElo "2208"]
[TimeControl "180+1"]
[EndTime "10:28:59 PDT"]
[Termination "Vandros57 won on time"]

1. Nf3 Nf6 2. g3 d5 3. c4 e6 4. Bg2 c5 5. O-O Nc6 6. d4 cxd4 7. Nxd4 Bc5 8. Nb3 Be7 9. cxd5 exd5 10. Nc3 Be6 11. Be3 O-O 12. Rc1 Rc8 13. Nd4 Bg4 14.
Nxc6 bxc6 15. Bxa7 Re8 16. h3 Bf5 17. Bd4 Qd7 18. g4 Be4 19. Nxe4 Nxe4 20. b3 Bd6 21. e3 Bb8 22. f4 c5 23. Ba1 Nf6 24. Bxf6 gxf6 25.
Qxd5 Qa7 26. Qd2 c4 27. Rxc4 Rxc4 28. bxc4 Rxe3 29. Kh1 Qa3 30. Qd8+ Kg7 31. Qxb8 Rxh3+ 32. Kg1 Qe3+ 33. Rf2 Qe1+ 34. Rf1 Qe3+ 35. Rf2 Qe1+ 36. Bf1 Rg3+ 37. Rg2 Qe3+ 38. Kh1 Rh3+ 39. Rh2 Qf3+ 40.
Kg1 Qg3+ 41. Rg2 Qe3+ 42. Rf2 Rg3+ 43. Bg2 Qe1+ 44. Kh2 Qxf2 45. Qb7 Qxf4 46. Kg1 Qe3+ 47. Kh2 Rxg4 0-1

[Event "*** Titled Tuesday Blitz"]
[Site "Chess.com"]
[Date "2021.03.30"]
[Round "3"]
[White "chess94cu"]
[Black "OK97"]
[Result "1-0"]
[WhiteElo "2576"]
[BlackElo "2791"]
[TimeControl "180+1"]
[EndTime "10:29:00 PDT"]
[Termination "chess94cu won on time"]

1. e4 e6 2. d4 d5 3. Nd2 c5 4. Ngf3 cxd4 5. exd5 Qxd5 6. Bc4 Qd7 7. O-O Nc6 8. Nb3 a6 9. a4 Nf6 10. Nfxd4 Nxd4 11. Qxd4 Qxd4 12. Nxd4 Bc5 13. Nb3 Bd6 14. Be2 Bd7 15.
Na5 b6 16. Nc4 Bc5 17. c3 a5 18. Ne5 Ke7 19. Bg5 h6 20. Bh4 Rhd8 21. Bf3 Rac8 22.
Rfd1 Be8 23. b3 g5 24. Bg3 Nd5 25. Rac1 Ba3 26. Rc2 Rxc3 27. Rxc3 Nxc3 28. Rxd8 Kxd8 29. Nc4 Bc5 30. Be5 Nd5 31. Bxd5 exd5 32. Nd6 Ke7 33.
Nxe8 Kxe8 34. Kf1 Ke7 35. Ke2 f6 36. Bb2 Ke6 37. f3 d4 38. Kd3 Kd5 39. g4 Ke5 40. Bc1 Bb4 41. h3 Bc3 42. Kc4 f5 43. Kd3 f4 44.
Kc4 Kd6 45. Ba3+ Kc6 46. Bf8 1-0

[Event "*** Titled Tuesday Blitz"]
[Site "Chess.com"]
[Date "2021.03.30"]
[Round "3"]
[White "Zmof"]
[Black "Ladislav1969"]
[Result "1/2-1/2"]
[WhiteElo "2209"]
[BlackElo "2345"]
[TimeControl "180+1"]
[EndTime "10:29:00 PDT"]
[Termination "Game drawn by agreement"]

1. e4 c5 2. Nf3 e6 3. c3 Nf6 4. e5 Nd5 5. d4 cxd4 6. cxd4 d6 7. Bc4 Nc6 8. O-O Be7 9. Bd2 O-O 10. Nc3 dxe5 11.
dxe5 Nb6 12. Bb3 Bd7 13. Qe2 Nb4 14. a3 N4d5 15. Nxd5 Nxd5 16. Bxd5 exd5 17. Nd4 Qb6 18. Bc3 Be6 19. Kh1 Rac8 20. f4 Rc4 21. Rad1 Bc5 22.
Qd3 Bg4 23. Rd2 Rc8 24. h3 Bd7 25. f5 Bxd4 26. Bxd4 Qa6 27. f6 Rc1 28. Qxa6 bxa6 29. Rxc1 Rxc1+ 30. Kh2 Bf5 31. Bxa7 Be4 32. Kg3 gxf6 33.
exf6 Kf8 34. Kf4 Ke8 35. Ke5 Kd7 36. Bd4 Re1 37. Kf4 Ke6 38. g4 Rh1 39. Kg3 Rc1 40. h4 Rc4 41. Kf4 a5 42. h5 a4 43.
Kg5 Rc2 44. Rxc2 Bxc2 45. Kh6 Bd3 46. g5 Bc2 47. Kg7 Bd3 48. g6 hxg6 49. hxg6 Bxg6 50. Bc5 Bf5 51. Bd4 Be4 52. Bc3 1/2-1/2

[Event "*** Titled Tuesday Blitz"]
[Site "Chess.com"]
[Date "2021.03.30"]
[Round "3"]
[White "RamyresCoelho"]
[Black "dachessmandan"]
[Result "0-1"]
[WhiteElo "2170"]
[BlackElo "2495"]
[TimeControl "180+1"]
[EndTime "10:29:01 PDT"]
[Termination "dachessmandan won by resignation"]

1. e4 e5 2. Nf3 Nc6 3. d4 exd4 4.
Bc4 Bc5 5. c3 Nf6 6. e5 d5 7.
Bb5 Ne4 8. cxd4 Bb6 9. O-O Bg4 10. Bxc6+ bxc6 11. Be3 O-O 12. h3 Bh5 13. g4 Bg6 14.
Nc3 f6 15. Nh4 Nxc3 16. bxc3 fxe5 17. Nxg6 hxg6 18. dxe5 Bxe3 19. fxe3 Rb8 20. Rb1 Qg5 21. Qd4 Rxf1+ 22. Rxf1 Qh4 23. Qf4 Qxh3 24. e6 Rb2 25. Qf7+ Kh7 26. Rf2 Rb1+ 27. Rf1 Rxf1+ 28. Qxf1 Qxg4+ 29.
Kh1 Qxe6 30. Qf2 Qe4+ 31. Kg1 Qg4+ 32. Kf1 Qf5 33. Qxf5 gxf5 34. Kf2 g5 35. Kf3 Kg6 36. a4 Kf6 37. a5 c5 38. a6 Ke5 39. Kg3 Ke4 40. Kf2 f4 41. exf4 Kxf4 42. Ke2 Ke4 43.
Kf2 d4 44. cxd4 Kxd4 45. Kf3 c4 46. Kg4 c3 47. Kxg5 c2 48. Kf5 c1=Q 49. Ke6 Qc5 50. Kd7 Qb6 51. Kc8 c5 52. Kd7 Qxa6 53. Kc7 Qb6+ 54.
Kc8 a5 55. Kd7 a4 56. Ke8 Qc7 57. Kf8 Ke5 58. Ke8 Kf6 0-1

[Event "*** Titled Tuesday Blitz"]
[Site "Chess.com"]
[Date "2021.03.30"]
[Round "3"]
[White "Keks2017"]
[Black "GMHess"]
[Result "1/2-1/2"]
[WhiteElo "2475"]
[BlackElo "2769"]
[TimeControl "180+1"]
[EndTime "10:29:02 PDT"]
[Termination "Game drawn by stalemate"]

1. g3 g6 2. Bg2 Bg7 3. e4 e6 4. d3 Ne7 5. Nf3 a6 6. O-O d6 7. Re1 Nd7 8. d4 h6 9. c3 b6 10. e5 Bb7 11. exd6 cxd6 12. Nbd2 Qc7 13. Qe2 O-O 14. h4 b5 15. Ne4 e5 16. dxe5 dxe5 17.
h5 f5 18. Ned2 g5 19. a4 b4 20. Qc4+ Qxc4 21. Nxc4 e4 22. Nd4 bxc3 23. bxc3 Rac8 24. Bf1 Ne5 25. Nd6 Rxc3 26. Nxb7 Rb8 27. Nd6 Rd8 28. Bb2 Rc7 29. Ne6 Rxd6 30. Bxe5 Bxe5 31. Nxc7 e3 32. Rxe3 Bxa1 33. Rxe7 Rd2 34. Bc4+ Kh8 35. Re2 Rd1+ 36. Kg2 Rc1 37. Bxa6 Rxc7 38. Bd3 f4 39. gxf4 gxf4 40. Kf3 Bd4 41. Re4 Bc5 42. Rxf4 Ra7 43. Bb5 Kg7 44. Rc4 Rf7+ 45. Ke4 Bxf2 46. a5 Bg3 47. a6 Rf4+ 48. Kd5 Rxc4 49. Bxc4 Bf2 50. Kc6 Kh8 51. Kb7 Kg7 52. a7 Bxa7 53. Kxa7 Kh8 54.
Bd3 Kg7 55. Bg6 Kh8 56. Kb7 Kg7 57. Kc7 Kh8 58. Kd7 Kg7 59. Ke7 Kh8 60. Kf7 1/2-1/2

[Event "*** Titled Tuesday Blitz"]
[Site "Chess.com"]
[Date "2021.03.30"]
[Round "3"]
[White "esteban062000"]
[Black "Limelight2727"]
[Result "1/2-1/2"]
[WhiteElo "2185"]
[BlackElo "2341"]
[TimeControl "180+1"]
[EndTime "10:29:02 PDT"]
[Termination "Game drawn by repetition"]

1. Nf3 Nf6 2. c4 e6 3. g3 b6 4. Bg2 Bb7 5. O-O c5 6. b3 Nc6 7. Bb2 Be7 8. e3 O-O 9. Qe2 d5 10. cxd5 Nxd5 11. Rd1 Nf6 12. Nc3 Nb4 13. d4 Qc8 14. Rac1 Ba6 15. Qd2 Nd3 16. Rb1 Nxb2 17. Qxb2 cxd4 18. Nxd4 Bb7 19. Bxb7 Qxb7 20. Rd3 Rac8 21.
Rbd1 Bb4 22. a3 Bxc3 23. Rxc3 Rxc3 24. Qxc3 Rc8 25. Qd3 a6 26. Nf3 h6 27. Ne5 Qe4 28.
Qxe4 Nxe4 29. Rd4 Nf6 30. Rc4 Rd8 31. Rc6 Rd1+ 32. Kg2 Rd2 33. Nc4 Rc2 34. Kf3 Nd5 35. Ne5 Rb2 36. Rc8+ Kh7 37. b4 f6 38. Nc4 b5 39.
Nd6 Ne7 40. Re8 Nf5 41. Nxf5 exf5 42. Re6 Kg6 43. Rxa6 Ra2 44. Ra5 h5 45. Rxb5 Rxa3 46. Rb8 Ra1 47. b5 h4 48. b6 h3 49. b7 Rb1 50. Ke2 Kg5 51. Kf3 Rb4 52. Rg8 Rxb7 53.
Rh8 Kg6 54. Rxh3 Rb8 55. Rh4 Kg5 56. Rf4 Kg6 57. h4 Rb5 58. Rc4 Kf7 59. Rf4 g5 60.
hxg5 fxg5 61. Rd4 Kg6 62. Kg2 g4 63. Rd6+ Kg5 64. Rd4 Re5 65. Rf4 Ra5 66. Rd4 Re5 67. Rf4 Rb5 68. Rd4 Re5 1/2-1/2

[Event "*** Titled Tuesday Blitz"]
[Site "Chess.com"]
[Date "2021.03.30"]
[Round "3"]
[White "mr_gustavo"]
[Black "Baron_von_Koenig"]
[Result "0-1"]
[WhiteElo "2377"]
[BlackElo "2558"]
[TimeControl "180+1"]
[EndTime "10:29:04 PDT"]
[Termination "Baron_von_Koenig won on time"]

1. c4 b6 2. Nf3 Bb7 3. g3 Bxf3 4. exf3 c5 5. Bg2 Nc6 6. O-O e6 7. f4 Nge7 8. Nc3 Qc7 9. Re1 a6 10. d3 g6 11. f5 Nxf5 12. Nd5 Qd8 13. Bf4 Bd6 14.
g4 Bxf4 15. gxf5 Qh4 16. Nxf4 Qxf4 17. fxe6 fxe6 18. Bxc6 dxc6 19. Rxe6+ Kd7 20. Re4 Qg5+ 21. Kh1 Rae8 22. Qe2 Rxe4 23. dxe4 Kc7 24. Rd1 Qe5 25. b3 Rf8 26. Qd3 b5 27. f3 Kb6 28. a4 g5 29.
Kg2 h5 30. axb5 axb5 31. Rd2 g4 32. fxg4 hxg4 33. cxb5 cxb5 34. Qd6+ Qxd6 35. Rxd6+ Ka5 36. Rd3 Kb4 37. e5 c4 38. bxc4 Kxc4 39. Rd7 Re8 40.
Kg3 Rxe5 41. Kxg4 b4 42. Rb7 Rb5 43. Rc7+ Kd3 44. Rc1 b3 45. Rg1 Rc5 46. h4 b2 47. Rg3+ Kc2 48. Rg2+ Kb3 49. Rg3+ Rc3 50. Rg1 Rc1 51. Rg3+ Kb4 0-1

[Event "*** Titled Tuesday Blitz"]
[Site "Chess.com"]
[Date "2021.03.30"]
[Round "3"]
[White "WanderingPuppet"]
[Black "Grineva_Marianna"]
[Result "1-0"]
[WhiteElo "2515"]
[BlackElo "2280"]
[TimeControl "180+1"]
[EndTime "10:29:04 PDT"]
[Termination "WanderingPuppet won by resignation"]

1. e4 c5 2. Nf3 d6 3. d4 cxd4 4. Nxd4 Nf6 5. Nc3 g6 6. Be3 Bg7 7. f3 Nc6 8. Qd2 Bd7 9. O-O-O Ne5 10. g4 Rc8 11. g5 Nh5 12. f4 Nc4 13. Bxc4 Rxc4 14.
f5 Qa5 15. f6 exf6 16. Nb3 Qa6 17. Qxd6 Qxd6 18. Rxd6 Be6 19. Rhd1 O-O 20. Nc5 Bg4 21. Rg1 Bc8 22. Nd5 fxg5 23. b3 Be5 24. Rxg6+ hxg6 25. bxc4 Nf4 26. Rxg5 Bd6 27. Nxf4 b6 28.
Ncd3 Ba6 29. Nxg6 f6 30. Rg1 Re8 31. Ngf4+ Kf7 32. Nd5 Bxc4 33. Rf1 Bxd5 34. Bd4 Bxe4 35. Rxf6+ Ke7 36. Rh6 Bxd3 37. Rh3 Rc8 38. Rxd3 Ke6 39. Be3 Rc4 40. h3 Rh4 41. Bf2 Ra4 42. a3 Bf4+ 43.
Kd1 Be5 44. Ke2 Re4+ 45. Re3 Ra4 46. Bg3 Ra5 47. Rxe5+ Rxe5+ 48. Bxe5 Kxe5 49. Kd3 Kf4 50. Kc4 Kg3 51. Kb5 Kxh3 52. Ka6 Kg4 53. Kxa7 Kf5 54. Kxb6 Ke6 55. a4 Kd7 56. Kb7 Kd6 57. a5 Kc5 58. a6 Kc4 59. a7 Kc3 60. a8=Q Kxc2 61. Qc8+ Kb2 62. Qc6 1-0

[Event "*** Titled Tuesday Blitz"]
[Site "Chess.com"]
[Date "2021.03.30"]
[Round "3"]
[White "DrVitman"]
[Black "Shield12"]
[Result "1-0"]
[WhiteElo "2630"]
[BlackElo "2804"]
[TimeControl "180+1"]
[EndTime "10:29:05 PDT"]
[Termination "DrVitman won by resignation"]

1. e4 c5 2. Nc3 Nc6 3. Bb5 Nd4 4. Nf3 a6 5. Bd3 Nc6 6. O-O e6 7. b3 d6 8. Bb2 Nf6 9. Re1 Qc7 10. a4 Be7 11.
Bf1 O-O 12. d4 cxd4 13. Nxd4 Bd7 14. Nde2 Rac8 15. Qd2 Nb4 16. Nf4 e5 17. Nd3 Nc6 18. Rac1 Be6 19. f4 g6 20. h3 Rfd8 21. Nf2 d5 22.
fxe5 dxe4 23. exf6 Rxd2 24. fxe7 f5 25. Ncxe4 fxe4 26. Nxe4 Rd6 27. Nxd6 Qxd6 28. Rxe6 Qxe6 29. Bc4 Qxc4 30.
bxc4 Nxe7 31. Re1 Nf5 32. Re4 Kf7 33. Ba3 Re8 34. Rxe8 Kxe8 35. Bc5 Ng3 36. Be3 Kd7 37. Kf2 Ne4+ 38. Kf3 Nd6 39. c5 Nc4 40. Kf4 Ke6 41.
Bf2 Na3 42. Kg5 Kf7 43. Kh6 Kg8 44. c3 Nc4 45. Bg3 Ne3 46. Bc7 Nf5+ 47. Kg5 Kf7 48. g4 h6+ 49. Kf4 Ne7 50. Ke5 Nc6+ 51. Kd6 Ke8 52.
Bb6 Ne7 53. Kc7 Nd5+ 54. Kxb7 Nxc3 55. c6 1-0

[Event "*** Titled Tuesday Blitz"]
[Site "Chess.com"]
[Date "2021.03.30"]
[Round "3"]
[White "Mihnea2017"]
[Black "c63_amg"]
[Result "1-0"]
[WhiteElo "2470"]
[BlackElo "2703"]
[TimeControl "180+1"]
[EndTime "10:29:05 PDT"]
[Termination "Mihnea2017 won on time"]

1. e4 c5 2. Nf3 d6 3. d4 cxd4 4. Nxd4 Nf6 5. Nc3 a6 6. Be3 e5 7. Nb3 Be6 8. f3 Nbd7 9. Qd2 h5 10. Nd5 Bxd5 11. exd5 g6 12. Be2 Bg7 13. O-O O-O 14. Na5 Qc7 15. c4 Rfe8 16. b4 b6 17. Nc6 Nb8 18.
b5 axb5 19. cxb5 Nbd7 20. a4 Nc5 21. Bxc5 dxc5 22. d6 Qd7 23. Bc4 Kh7 24. Ra2 e4 25.
fxe4 Nxe4 26. Qd5 Nc3 27. Rxf7 Qg4 28. Rxg7+ Kxg7 29. Qf7+ Kh6 30. Ra1 Rf8 31. Qe7 Qxc4 32. d7 Ne2+ 33. Kh1 Nd4 34. h4 Rf1+ 35. Kh2 Nxc6 36. Qg5+ Kh7 37. bxc6 Rxa1 38. Qe7+ Kh6 39. Qg5+ Kg7 40. Qe5+ Kg8 41. Qxa1 Qxh4+ 42. Kg1 Qe7 43. Qa2+ Kg7 44. Qb2+ Kh7 45. Qxb6 Rf8 46. Qb3 Qe1+ 47. Kh2 Qe5+ 48. Qg3 Qd4 49. a5 Qd5 50. Qc7 Qd4 51.
d8=Q+ 1-0

[Event "*** Titled Tuesday Blitz"]
[Site "Chess.com"]
[Date "2021.03.30"]
[Round "3"]
[White "Trankuilizer"]
[Black "GiorgianBarbosa"]
[Result "0-1"]
[WhiteElo "2584"]
[BlackElo "2425"]
[TimeControl "180+1"]
[EndTime "10:29:05 PDT"]
[Termination "GiorgianBarbosa won on time"]

1. e4 c6 2. d4 d5 3. exd5 cxd5 4. c4 Nf6 5. Nc3 g6 6. Nf3 Bg7 7. cxd5 Nxd5 8. Qb3 Nb6 9. Bb5+ Bd7 10. a4 O-O 11. a5 Nc8 12. O-O Nd6 13. Be2 Nc6 14.
a6 bxa6 15. d5 Rb8 16. Qd1 Nb4 17. Be3 Qc7 18. Bd4 Bxd4 19. Nxd4 Nb5 20. Ndxb5 axb5 21. Qd4 a5 22. Rfc1 Qd8 23. h4 Bf5 24. Qd2 e6 25. g4 Bc2 26. Rxc2 Nxc2 27. Qxc2 b4 28. Ne4 exd5 29. Ng5 Rc8 30. Qd2 d4 31. Nf3 Qd7 32. Qxd4 Qxd4 33. Nxd4 Rfd8 34. Nb3 Rc2 35.
Bf1 Rxb2 36. Nxa5 Rd4 37. Bh3 Rd3 38. Kg2 Ra3 39. Nc4 Rxf2+ 40. Kxf2 Rxa1 41. Bg2 Ra2+ 42. Kg3 b3 43. Be4 Rc2 44. Ne3 Rc3 45. Kf2 b2 46. Nd1 Rc4 47. Bd3 Rb4 48. Bb1 Rxg4 0-1

[Event "*** Titled Tuesday Blitz"]
[Site "Chess.com"]
[Date "2021.03.30"]
[Round "3"]
[White "slowdgehammer"]
[Black "FMalexhdez"]
[Result "1-0"]
[WhiteElo "2365"]
[BlackElo "2218"]
[TimeControl "180+1"]
[EndTime "10:29:05 PDT"]
[Termination "slowdgehammer won on time"]

1. e4 c5 2. Nf3 d6 3. d4 cxd4 4. Nxd4 Nf6 5. Nc3 a6 6. Bc4 e6 7. Bb3 Nbd7 8. O-O Qc7 9. f4 b5 10. f5 Nc5 11. Qf3 b4 12. Nce2 Nxb3 13. Nxb3 e5 14.
Bg5 Be7 15. c3 Bb7 16. Bxf6 Bxf6 17. Rfd1 O-O 18. Rac1 Qb6+ 19. Qf2 Bd8 20. Ng3 a5 21. c4 Qxf2+ 22. Kxf2 Bb6+ 23. Kf3 Rfd8 24. Nf1 a4 25.
Na1 Bd4 26. Rd2 g6 27. g4 h5 28. h3 hxg4+ 29. hxg4 Kg7 30. Rb1 Rh8 31. Nc2 Rh3+ 32.
Ng3 Bc5 33. a3 b3 34. Nb4 Rah8 35. Nd5 Rh2 36. Rbd1 Ba6 37. Ne3 Bxe3 38. Kxe3 Rxd2 39. Rxd2 Rh3 40. Kf3 Bxc4 41. Rxd6 Rh2 42. f6+ Kh7 43. Rc6 Be6 44. Ne2 Rh3+ 45. Kf2 Bxg4 46. Nc3 Rh2+ 47. Kg3 Rxb2 48. Kxg4 Rc2 49. Rc7 b2 50. Rxf7+ Kg8 51. Rb7 Rxc3 52. Rxb2 Kf7 53. Rb4 1-0

[Event "*** Titled Tuesday Blitz"]
[Site "Chess.com"]
[Date "2021.03.30"]
[Round "3"]
[White "kakorrhaphiophobie"]
[Black "Nachsueb"]
[Result "1-0"]
[WhiteElo "2343"]
[BlackElo "2164"]
[TimeControl "180+1"]
[EndTime "10:29:05 PDT"]
[Termination "kakorrhaphiophobie won by resignation"]

1. d4 Nf6 2. c4 e6 3. Nf3 d5 4.
Nc3 Be7 5. Bf4 O-O 6. e3 b6 7. cxd5 exd5 8. Bd3 Bg4 9. h3 Bh5 10. O-O Nbd7 11. Rc1 c5 12. dxc5 Bxc5 13. Be2 Ne4 14. Qxd5 Nxc3 15. Rxc3 Nf6 16. Qb3 Ne4 17. Rd3 Qe7 18.
Rfd1 Rfd8 19. Rxd8+ Rxd8 20. Rxd8+ Qxd8 21. Qd3 Qe7 22. Nd2 Bg6 23. Nxe4 Bxe4 24. Qd1 h6 25. a3 a5 26. Qd2 Bc6 27. Bf3 Bxf3 28. gxf3 Qe6 29. Kg2 Qg6+ 30. Bg3 Qe6 31. Qd8+ Kh7 32. Qd3+ Kg8 33.
h4 Qc6 34. Qc3 Qb5 35. Be5 f6 36. Bd4 Bxd4 37. Qxd4 Qb3 38. f4 b5 39. Kg3 b4 40.
axb4 axb4 41. Kf3 Qa4 42. Qd5+ Kh7 43. b3 Qa1 44. h5 Qb1 45. Qe4+ Qxe4+ 46. Kxe4 g6 47.
hxg6+ Kxg6 48. Kf3 Kf5 49. e4+ Ke6 50. Kg4 Kf7 51.
Kh5 Kg7 52. f5 Kh7 53. f4 Kg7 54. e5 Kh7 55. e6 Kg7 56. e7 Kf7 57. Kxh6 Kxe7 58.
Kg7 Ke8 59. Kxf6 Kf8 60. Ke6 Ke8 61. f6 Kf8 62. f7 Kg7 63. Ke7 1-0

[Event "*** Titled Tuesday Blitz"]
[Site "Chess.com"]
[Date "2021.03.30"]
[Round "3"]
[White "Mazetovic"]
[Black "scandalgod"]
[Result "1-0"]
[WhiteElo "2694"]
[BlackElo "2442"]
[TimeControl "180+1"]
[EndTime "10:29:06 PDT"]
[Termination "Mazetovic won by resignation"]

1. e4 e5 2. Nf3 Nc6 3. Bb5 a6 4. Ba4 d6 5. c3 f5 6. exf5 Bxf5 7. d4 e4 8. Nfd2 d5 9. Nf1 Nf6 10. Ne3 Be6 11. b4 b5 12. Bc2 Bd6 13. a3 O-O 14. Nd2 Qe8 15. Nb3 Qg6 16. h3 Bf4 17. Nc5 Rae8 18. Bb3 Bxe3 19. Bxe3 Qxg2 20. Kd2 Bc8 21. Rg1 Qxh3 22. Rg3 Qh2 23. Qe2 Ne7 24. Bf4 Qh4 25. Be5 Nf5 26. Rg2 c6 27. Rag1 Rxe5 28. dxe5 Qf4+ 29. Kc2 Qxe5 30. Kb2 Kh8 31. Qd2 a5 32.
Rg5 axb4 33. axb4 h6 34. Rg6 d4 35. cxd4 Nxd4 36. Qc3 Nd5 37. Bxd5 cxd5 38. Rxg7 Rxf2+ 39. Kb1 Bf5 40. Rg8+ Kh7 41. R1g7+ Qxg7 42. Rxg7+ Kxg7 43. Qxd4+ Kg6 44. Qxf2 e3+ 45. Qxf5+ Kxf5 46. Kc2 Ke5 47.
Kd3 d4 48. Nb3 Kd5 49. Nxd4 e2 50. Nxe2 h5 51. Nc3+ Ke5 52. Ke3 h4 53. Nxb5 Kd5 54. Nc3+ Kc4 55. b5 1-0

[Event "*** Titled Tuesday Blitz"]
[Site "Chess.com"]
[Date "2021.03.30"]
[Round "3"]
[White "gxbg2000"]
[Black "nicolochessit"]
[Result "1/2-1/2"]
[WhiteElo "1912"]
[BlackElo "2253"]
[TimeControl "180+1"]
[EndTime "10:29:06 PDT"]
[Termination "Game drawn by repetition"]

1. e4 c6 2. d4 d5 3. Nc3 dxe4 4.
Nxe4 Bf5 5. Ng3 Bg6 6. Nf3 Nd7 7. Bd3 Ngf6 8. O-O e6 9. Re1 Qc7 10. b3 O-O-O 11. a4 c5 12. Bb2 Bxd3 13. Qxd3 cxd4 14.
Qxd4 Bc5 15. Qc3 Kb8 16. a5 Rc8 17. Qd2 Rhd8 18. Qe2 Ka8 19. a6 Bb6 20. axb7+ Qxb7 21. c4 Nc5 22. b4 Nd3 23. c5 Bxc5 24.
bxc5 Qxb2 25. Qxb2 Nxb2 26. Rec1 Nd3 27. Rc3 Rxc5 28.
Rxc5 Nxc5 29. Ne5 Nce4 30. Nxf7 Rf8 31. Ne5 Nxg3 32. hxg3 Ne4 33. Ra2 Rf5 34. Nc6 Kb7 35.
Nxa7 Nc5 36. Nb5 Ne4 37. f3 Rxb5 38. fxe4 Rb4 39. Re2 Kc6 40. Kf2 Kd6 41. Kf3 Ke5 42. Re3 g5 43. g4 h6 44. g3 Rb1 45. Kg2 Rb2+ 46. Kf3 Kd4 47. Ra3 Rb6 48. Ra4+ Ke5 49. Ra5+ Kf6 50. Ra3 e5 51. Rd3 Kg6 52. Ra3 h5 53.
gxh5+ Kxh5 54. g4+ Kg6 55. Rc3 Rf6+ 56. Kg3 Rb6 57. Kf3 Kf6 58. Ra3 Kg6 59. Rc3 1/2-1/2